 Dungeon Crawl Stone Soup version 0.20-a0-309-gcba9277 (webtiles) character file.

113 gamerape the Sneak (level 4, -2/23 HPs)
             Began as a Vine Stalker Assassin on Dec 18, 2016.
             Slain by Sigmund
             ... wielding a +0 scythe
              (10 damage)
             ... on level 3 of the Dungeon.
             The game lasted 00:04:58 (1620 turns).

gamerape the Sneak (Vine Stalker Assassin)          Turns: 1620, Time: 00:04:58

Health: -2/23      AC:  3    Str: 13    XL:     4   Next: 96%
Magic:  0/5        EV: 12    Int: 11    God:
Gold:   111        SH:  0    Dex: 17    Spells: 3/3 levels left

rFire  . . .     SeeInvis .     a - +4 dagger
rCold  . . .     Gourm    .     c - +0 robe
rNeg   . . .     Faith    .     (no shield)
rPois  .         Spirit   +     (no helmet)
rElec  .         Reflect  .     d - +0 cloak
rCorr  .         Harm     .     (no gloves)
MR     .....                    (no boots)
Stlth  ++++......               i - amulet of magic regeneration
                                (no ring)
                                (no ring)

@: no status effects
A: fangs 2, regeneration 1, magic shield, antimagic bite, no device heal 3, rot
immunity
a: no special abilities


You were on level 3 of the Dungeon.
You were not hungry.

You visited 1 branch of the dungeon, and saw 3 of its levels.

You collected 111 gold pieces.

Inventory:

Hand Weapons
 a - a +4 dagger (weapon)
 b - a +0 blowgun
 j - a +2 dagger
 y - a +2 dagger of flaming
Missiles
 e - 2 poisoned needles
 f - 2 curare-tipped needles
Armour
 c - a +0 robe (worn)
 d - a +0 cloak (worn)
Jewellery
 i - an amulet of magic regeneration (around neck)
Scrolls
 h - 2 scrolls of enchant armour {unknown}
 l - a scroll of recharging {unknown}
 m - a scroll of identify {unknown}
 n - a scroll of teleportation {unknown}
 o - 2 scrolls of remove curse {unknown}
 s - a scroll of magic mapping {unknown}
 v - a scroll of amnesia {unknown}
 x - a scroll of random uselessness {unknown}
Potions
 k - a potion of flight {unknown}
 p - 3 potions of heal wounds {unknown}
 q - 2 potions of ambrosia {unknown}
 u - a potion of cancellation {unknown}
 w - a potion of resistance {unknown}
 A - 2 potions of lignification {unknown}
Comestibles
 g - a bread ration
 r - 4 meat rations
 z - 3 fruits


   Skills:
 + Level 2.1 Fighting
 + Level 2.1 Short Blades
 + Level 2.0 Throwing
 + Level 1.0 Dodging
 + Level 7.0 Stealth


You had 3 spell levels left.
You didn't know any spells.

Dungeon Overview and Level Annotations

Branches:
Dungeon (3/15)

Altars:
Cheibriados

Annotations:
D:3 Sigmund


Innate Abilities, Weirdness & Mutations

You have extremely sharp teeth.
Your natural rate of healing is unusually fast.
When hurt, damage is shared between your health and your magic reserves.
Your bite disrupts and absorbs the magic of your enemies.
Potions and wands cannot restore your health.
You are immune to rotting.


Message History

Firing (i - inventory. (,) - cycle):
e - 3 poisoned needles (quivered)
Press: ? - help, Shift-Dir - straight line You shoot a poisoned needle.
a - a +4 dagger (weapon)
Something barely misses you.
You see here 18 stones.
Something hits you. Something hits you. Something hits you but does no damage.
You barely miss something. Something hits you! Something hits you.
You barely miss something. You bite something. You barely miss something.
Your bite misses something. Something hits you!
You barely miss something. You bite something. You drain its magic.
You feel invigorated. Something barely misses you.
You barely miss something. You hit something. Something hits you.
You closely miss something. Your bite misses something.
You barely miss something. You bite something. Something hits you!
You die...

..#.. #.#.. ...# #.#....
....# .......## #...#
#........ #...#
#.......# #...####
.....##(#### #.......
.......@{..######...####
........##.()..)........
........##..<....(......
...(....###.............
.(...#### #######...####
..... #....... ##..
#...#### ### #...# #
#...# #


There were no monsters in sight!

Vanquished Creatures
  Ijyb (D:2)
  4 adders (D:2)
  A worm (D:2)
  2 dart slugs
  A leopard gecko (D:2)
  3 orcs
  3 goblins
  5 hobgoblins
  5 jackals (D:2)
  6 kobolds
  A ball python (D:2)
  2 bats
  6 rats
40 creatures vanquished.

Notes
Turn   | Place    | Note
-------+----------+-------------------------------------------
     0 | D:1      | gamerape the Vine Stalker Assassin began the quest for the Orb.
     0 | D:1      | Reached XP level 1. HP: 11/11 MP: 2/2
   182 | D:1      | Reached skill level 5 in Stealth
   314 | D:1      | Reached XP level 2. HP: 8/15 MP: 3/3
   862 | D:2      | Reached XP level 3. HP: 18/18 MP: 4/4
   931 | D:2      | Reached skill level 6 in Stealth
   978 | D:2      | Reached skill level 1 in Dodging
  1049 | D:2      | Gained mutation: Your natural rate of healing is unusually fast. [Vine Stalker growth]
  1049 | D:2      | Reached XP level 4. HP: 16/23 MP: 5/5
  1130 | D:2      | Noticed Ijyb
  1141 | D:2      | Killed Ijyb
  1222 | D:2      | Found a snail-covered altar of Cheibriados.
  1463 | D:3      | Noticed Sigmund
  1480 | D:2      | Reached skill level 7 in Stealth
  1620 | D:3      | Slain by Sigmund

Vault maps used:
D:1:      matt_arrival_refuge
D:2:      lemuel_upstairs_altar, lemuel_doored_altar, st_stairs_1, uniq_iyjb
D:3:      first_bread, nicolae_ru_sacrificial_ziggurat, uniq_jessica,
          uniq_sigmund, uniq_natasha, uniq_grinder

Skill      XL: |  1  2  3  4 |
---------------+-------------+-----
Stealth        | 5 6 7 |  7.0
Throwing       | 2 |  2.0
Short Blades   | 2 |  2.1
Dodging        | 1 |  1.0
Fighting       | 2 |  2.1

Action                   |  1- 3 |  4- 6 || total
-------------------------+-------+-------++-------
Melee: Dagger            |    41 |    55 ||    96
       Bite              |     8 |    16 ||    24
 Fire: Blowgun           |       |     6 ||     6
 Stab: Sleeping          |    11 |     1 ||    12
       Distracted        |       |     1 ||     1
  Eat: Chunk             |       |     2 ||     2
Armor: Robe              |     6 |     7 ||    13
Dodge: Dodged            |    17 |    25 ||    42
